 Dungeon Crawl Stone Soup version 0.21-a0-633-g4c047d5 (webtiles) character file.

2389 4thArraOfDagon the Magician (level 9, -3/69 HPs)
             Began as a Gnoll Warper on Dec 28, 2017.
             Was an Initiate of Gozag.
             Slain by a six-headed hydra (10 damage)
             ... on level 9 of the Dungeon.
             The game lasted 00:16:52 (3529 turns).

4thArraOfDagon the Magician (Gnoll Warper)          Turns: 3529, Time: 00:16:53

Health: -3/69      AC:  9    Str: 20    XL:     9   Next: 46%
Magic:  18/18      EV: 20    Int: 23    God:    Gozag
Gold:   956        SH:  0    Dex: 16    Spells: 12/21 levels left

rFire    . . .     SeeInvis .   m - +1 whip (elec)
rCold    . . .     Gourm    .   (no shield)
rNeg     . . .     Faith    .   h - +0 ring mail
rPois    .         Spirit   .   E - +1 helmet
rElec    .         Reflect  .   g - +0 cloak
rCorr    .         Harm     .   (no gloves)
MR       .....                  (no boots)
Stlth    +++.......             (no amulet)
HPRegen  0.21/turn              A - -3 ring of dexterity (curse)
MPRegen  0.16/turn              (no ring)

@: mighty, brilliant, agile, about to teleport, very slightly contaminated
A: distributed training, fangs 1, strong nose
a: Potion Petition, Call Merchant, Bribe Branch, Renounce Religion


You were on level 9 of the Dungeon.
You worshipped Gozag.
Gozag was pleased with you.
You were not hungry.

You visited 1 branch of the dungeon, and saw 9 of its levels.

You collected 1000 gold pieces.
You paid 44 gold pieces to Gozag.

Inventory:

Hand Weapons
 a - a +0 hand axe
 m - a +1 whip of electrocution (weapon)
 J - a +2 war axe of draining
Missiles
 e - 5 tomahawks of dispersal (quivered)
 i - 3 javelins of returning
Armour
 b - a +0 leather armour
 g - a +0 cloak (worn)
 h - a +0 ring mail (worn)
 w - a +0 helmet
 E - a +1 helmet (worn)
Jewellery
 A - a cursed -3 ring of dexterity (left hand)
 I - an uncursed ring of fire
Wands
 B - a wand of flame (23)
 D - a wand of polymorph (7)
 G - a wand of paralysis (8)
 H - a wand of random effects (23)
Scrolls
 d - 2 scrolls of blinking
 l - 2 scrolls of magic mapping {unknown}
 n - 2 scrolls of teleportation
 o - 2 scrolls of fear {unknown}
 q - a scroll of amnesia {unknown}
 s - 4 scrolls of enchant armour {unknown}
 t - 2 scrolls of immolation {unknown}
 y - 4 scrolls of remove curse {unknown}
 K - a scroll of random uselessness {unknown}
 L - a scroll of identify
 M - a scroll of vulnerability {unknown}
Potions
 j - 2 potions of brilliance {unknown}
 k - a potion of curing
 p - a potion of agility {unknown}
 r - 2 potions of cancellation {unknown}
 u - 3 potions of flight
 v - a potion of might {unknown}
 x - a potion of lignification
 z - 2 potions of haste
 C - a potion of berserk rage
 F - 2 potions of degeneration
Books
 c - a book of Spatial Translocations

   Spells                             Type                      Level
   a - Blink                          Translocation                2
   b - Shroud of Golubria             Charms/Translocation         2
   c - Lesser Beckoning               Translocation                3
   d - Gell's Gravitas                Translocation                3
   e - Teleport Other                 Translocation                3
   f - Passage of Golubria            Translocation                4
Comestibles
 f - 14 rations


   Skills:
 + Level 6.3 Fighting
 + Level 4.2 Short Blades
 + Level 4.2 Long Blades
 + Level 6.3 Axes
 + Level 4.2 Maces & Flails
 + Level 4.2 Polearms
 + Level 4.2 Staves
 + Level 4.2 Slings
 + Level 4.2 Bows
 + Level 4.2 Crossbows
 + Level 5.0 Throwing
 + Level 5.0 Armour
 + Level 6.3 Dodging
 + Level 4.2 Stealth
 + Level 4.2 Shields
 + Level 4.2 Unarmed Combat
 + Level 6.6 Spellcasting
 + Level 3.4 Conjurations
 + Level 3.4 Hexes
 + Level 3.4 Charms
 + Level 3.4 Summonings
 + Level 3.4 Necromancy
 + Level 6.5 Translocations
 + Level 3.4 Transmutations
 + Level 3.4 Fire Magic
 + Level 3.4 Ice Magic
 + Level 3.4 Air Magic
 + Level 3.4 Earth Magic
 + Level 3.4 Poison Magic
 + Level 4.6 Invocations
 + Level 4.2 Evocations


You had 12 spell levels left.
You knew the following spells:

 Your Spells              Type           Power        Failure   Level  Hunger
a - Blink                 Tloc           N/A          1%          2    None
b - Gell's Gravitas       Tloc           ######....   1%          3    None
c - Passage of Golubria   Tloc           N/A          1%          4    ###....


Dungeon Overview and Level Annotations

Branches:
Dungeon (9/15)             Temple (0/1) D:4
   Lair: D:8-11         Orc: D:9-12

Altars:
Elyvilon
Gozag
Trog
Xom
Zin
The Shining One


Innate Abilities, Weirdness & Mutations

Your experience applies equally to all skills.
You have very sharp teeth.
Your uncanny sense of smell can sniff out nearby items.


Message History

Purchase which effect? [a] - 0 gold - might, agility and brilliance [b] - 0 gold - haste, flight, resistance and might [c] - 0 gold - might and agility Purchase which effect? [a] - 0 gold - might, agility and brilliance [b] - 0 gold - haste, flight, resistance and might [c] - 0 gold - might and agility Purchase which effect? [a] - 0 gold - might, agility and brilliance [b] - 0 gold - haste, flight, resistance and might [c] - 0 gold - might and agility Purchase which effect?
You feel very mighty all of a sudden.
You feel agile all of a sudden.
You feel clever all of a sudden.
The bullfrog hits you but does no damage.
The six-headed hydra bites you but does no damage.
The six-headed hydra bites you!
You die...
Your body crumbles into a pile of gold.

..........##....>#......#
..........##............#
..........##...[..#####.#
####......##......#####.#
#########............#
#....#.#####.# ###'##...
.# ######.#####.# .#
........F@DF# # ##
...o....###.# ∆ o........
#.# ...####.#.#.#
...####+#.#F#
..........#.#
.........#.# .>.......#.#
........##.#


You could see a six-headed hydra, 2 bullfrogs and an orc priest.

Vanquished Creatures
  A black bear (D:9)
  A swamp drake (D:8)
  2 phantoms
  3 ogres
  A necrophage (D:5)
  A big kobold (D:9)
  A bullfrog (D:8)
  A water moccasin zombie (D:3)
  3 scorpions
  7 killer bees
  3 jellies
  6 crimson imps
  2 centaur zombies
  3 hounds
  2 orc priests
  2 orc wizards
  5 iguanas
  5 worker ants
  4 gnolls (D:3)
  4 adders
  3 shadow imps
  A white imp (D:6)
  2 oozes
  2 dart slugs
  3 leopard geckos
  14 orcs
  A ball python (D:4)
  8 bats
  8 giant cockroaches
  5 goblins
  8 hobgoblins
  10 jackals
  4 quokkas
  A ball python skeleton (D:5)
  2 frilled lizards
  A giant cockroach zombie (D:5)
  13 kobolds
  2 leopard gecko skeletons (D:4)
  12 rats
157 creatures vanquished.

Notes
Turn   | Place    | Note
-------+----------+-------------------------------------------
     0 | D:1      | 4thArraOfDagon the Gnoll Warper began the quest for the Orb.
     0 | D:1      | Reached XP level 1. HP: 20/20 MP: 6/6
   114 | D:1      | Reached XP level 2. HP: 23/26 MP: 7/7
   285 | D:2      | Reached XP level 3. HP: 31/31 MP: 9/9
   298 | D:2      | Reached skill level 5 in Spellcasting
   309 | D:2      | arkorax: papa 4tharra
   366 | D:2      | arkorax: did you ever lose a 15 runer on orbrun due to bullshit rng?
   448 | D:2      | Reached skill level 1 in Invocations
   540 | D:2      | 4thArraOfDagon: hey
   540 | D:2      | arkorax: heyo :(
   540 | D:2      | arkorax: !lg arkorax
   540 | D:2      | beem: 2618. arkorax the Gnoll Aeon (L27 GnWn of Cheibriados), blasted by Ciomm the pandemonium lord (great icy blast) on D:6 (serial_park_square2) on 2017-12-27 20:07:17, with 1355054 points after 90159 turns and 6:15:53.
   540 | D:2      | 4thArraOfDagon: oh
   540 | D:2      | 4thArraOfDagon: :(
   540 | D:2      | arkorax: paralyze panlord
   540 | D:2      | arkorax: on turn 1
   540 | D:2      | arkorax: 100-0
   540 | D:2      | arkorax: had glacitate
   540 | D:2      | 4thArraOfDagon: this is so good mechanic:)
   540 | D:2      | arkorax: yea i enjoyed it a lot
   540 | D:2      | arkorax: :/
   540 | D:2      | 4thArraOfDagon: did you even see it coming?
   540 | D:2      | arkorax: no
   540 | D:2      | arkorax: he was inivs too
   540 | D:2      | arkorax: 6 turns and i was dead
   540 | D:2      | arkorax: aka 1 chei turn
   540 | D:2      | 4thArraOfDagon: crap
   540 | D:2      | arkorax: !lg arkorax -log
   540 | D:2      | beem: 2618. arkorax, XL27 GnWn, T:90159: http://crawl.xtahua.com/crawl/morgue/arkorax/morgue-arkorax-20171227-200717.txt
   540 | D:2      | arkorax: fcking depressing :/
   540 | D:2      | 4thArraOfDagon: this is so frustrating, I think I got myself into trouble several times but never rolled such bad luck
   540 | D:2      | arkorax: i wouldnt be mad if i played badly
   540 | D:2      | arkorax: but i got killed on turn 1
   540 | D:2      | 4thArraOfDagon: Paralysed by something for 6 turns
   540 | D:2      | 4thArraOfDagon: fuck
   540 | D:2      | arkorax: panlord
   540 | D:2      | arkorax: chaos attack
   540 | D:2      | 4thArraOfDagon: that was unplayable
   540 | D:2      | 4thArraOfDagon: :(
   540 | D:2      | arkorax: yea :/
   540 | D:2      | arkorax: going for Gn HS? :)
   540 | D:2      | 4thArraOfDagon: naa, just want to see how good they are, didn't em for some time
   540 | D:2      | arkorax: stil good man
   540 | D:2      | arkorax: also
   544 | D:2      | arkorax: try and get the new necro spell
   552 | D:2      | Reached skill level 1 in Short Blades
   552 | D:2      | Reached skill level 1 in Long Blades
   552 | D:2      | Reached skill level 1 in Maces & Flails
   552 | D:2      | Reached skill level 1 in Polearms
   552 | D:2      | Reached skill level 1 in Staves
   552 | D:2      | Reached skill level 1 in Slings
   552 | D:2      | Reached skill level 1 in Bows
   552 | D:2      | Reached skill level 1 in Crossbows
   552 | D:2      | Reached skill level 1 in Stealth
   552 | D:2      | Reached skill level 1 in Shields
   552 | D:2      | Reached skill level 1 in Unarmed Combat
   552 | D:2      | Reached skill level 1 in Evocations
   553 | D:2      | arkorax: its fucking AMAZING
   554 | D:2      | Reached XP level 4. HP: 30/38 MP: 11/11
   598 | D:2      | arkorax: ??clutch
   601 | D:2      | beem: I don't have a page labeled clutch in my learndb.
   646 | D:3      | Reached skill level 1 in Conjurations
   646 | D:3      | Reached skill level 1 in Hexes
   646 | D:3      | Reached skill level 1 in Charms
   646 | D:3      | Reached skill level 1 in Summonings
   646 | D:3      | Reached skill level 1 in Necromancy
   646 | D:3      | Reached skill level 1 in Transmutations
   646 | D:3      | Reached skill level 1 in Fire Magic
   646 | D:3      | Reached skill level 1 in Ice Magic
   646 | D:3      | Reached skill level 1 in Air Magic
   646 | D:3      | Reached skill level 1 in Earth Magic
   646 | D:3      | Reached skill level 1 in Poison Magic
   646 | D:3      | Reached XP level 5. HP: 21/43 MP: 12/12
   651 | D:3      | arkorax: smite targeted 3x3 constriction
   664 | D:3      | arkorax: works on everything
   684 | D:3      | arkorax: except slimes and maybe OOFs
   925 | D:3      | Learned a level 2 spell: Blink
   929 | D:3      | Learned a level 3 spell: Gell's Gravitas
   948 | D:3      | Reached XP level 6. HP: 27/50 MP: 13/13
   972 | D:3      | Found an opulent altar of Gozag.
   983 | D:3      | Became a worshipper of Gozag Ym Sagoz the Greedy
  1091 | D:4      | jacquesderrida: DEGANZ
  1108 | D:4      | jacquesderrida: AND KARABAXAS
  1187 | D:4      | 4thArraOfDagon: what is gozag hs?
  1187 | D:4      | 4thArraOfDagon: o heey Jacques
  1253 | D:4      | Reached skill level 5 in Fighting
  1253 | D:4      | Reached skill level 5 in Axes
  1253 | D:4      | Reached skill level 5 in Dodging
  1282 | D:4      | Noticed a phantom
  1327 | D:4      | Killed a phantom
  1350 | D:4      | Reached XP level 7. HP: 43/56 MP: 15/15
  1362 | D:4      | Found a staircase to the Ecumenical Temple.
  1364 | D:4      | arkorax: jaaaka
  1395 | D:4      | arkorax: look at this shit
  1400 | D:4      | arkorax: !lg arkorax
  1403 | D:4      | beem: 2618. arkorax the Gnoll Aeon (L27 GnWn of Cheibriados), blasted by Ciomm the pandemonium lord (great icy blast) on D:6 (serial_park_square2) on 2017-12-27 20:07:17, with 1355054 points after 90159 turns and 6:15:53.
  1417 | D:3      | arkorax: died with 15 runes
  1432 | D:3      | jacquesderrida: Blaster'd
  1443 | D:3      | arkorax: paralyzed on turn 1
  1460 | D:3      | arkorax: chaos attack panlord
  1472 | D:3      | arkorax: 300hp - 0
  1514 | D:4      | arkorax: he also had invis and glacitate
  1529 | D:4      | arkorax: FUN MECHANIC
  1573 | D:4      | arkorax: i wass so pissed that i went to sleep
  1582 | D:4      | arkorax: at 8o clock
  1601 | D:4      | Found a glowing silver altar of Zin.
  1601 | D:4      | Found a glowing golden altar of the Shining One.
  1601 | D:4      | Found a white marble altar of Elyvilon.
  1707 | D:5      | Entered Level 5 of the Dungeon
  1854 | D:5      | Found a bloodstained altar of Trog.
  2072 | D:6      | Reached XP level 8. HP: 32/63 MP: 16/16
  2190 | D:6      | Learned a level 4 spell: Passage of Golubria
  2195 | D:6      | arkorax: gozag got buffed because of that food change right?
  2745 | D:7      | Found a shimmering altar of Xom.
  3022 | D:8      | Reached XP level 9. HP: 69/69 MP: 18/18
  3141 | D:8      | jacquesderrida: hi
  3215 | D:9      | arkorax: hi jaka
  3238 | D:9      | jacquesderrida: Helo
  3321 | D:9      | arkorax: i lost a 15 runer on orbrun and now i cry in 4tharra chat
  3379 | D:9      | Reached skill level 5 in Throwing
  3379 | D:9      | Reached skill level 5 in Armour
  3465 | D:9      | Noticed a two-headed ogre
  3512 | D:9      | Noticed a six-headed hydra
  3529 | D:9      | Slain by a six-headed hydra

Vault maps used:
D:1:      eino_arrival_cavern_e
D:2:      nicolae_dithmenos_shadow_blocks, minitemple,
          nemelex_xobeh_ov_fountains_minmay, uniq_jessica
D:3:      first_ration, grunt_gozag_breadcrumbs
D:4:      good_gods_mini_temple, minmay_temple_entry_enclosed_plants,
          minmay_misc_feat_pillars
D:5:      gammafunk_temple_overflow_elements, trog_book
D:6:      minmay_fire_ice_demons
D:7:      tgw_sif, xom_teletrap_fun
D:9:      kennysheep_spiral_hall

Skill      XL: |  1  2  3  4  5  6  7  8  9 |
---------------+----------------------------+-----
Spellcasting   | 5 6 |  6.6
Invocations    | 1 2 3 4 |  4.6
Short Blades   | 1 2 3 4 |  4.2
Long Blades    | 1 2 3 4 |  4.2
Maces & Flails | 1 2 3 4 |  4.2
Polearms       | 1 2 3 4 |  4.2
Staves         | 1 2 3 4 |  4.2
Slings         | 1 2 3 4 |  4.2
Bows           | 1 2 3 4 |  4.2
Crossbows      | 1 2 3 4 |  4.2
Stealth        | 1 2 3 4 |  4.2
Shields        | 1 2 3 4 |  4.2
Unarmed Combat | 1 2 3 4 |  4.2
Evocations     | 1 2 3 4 |  4.2
Conjurations   | 1 2 3 |  3.4
Hexes          | 1 2 3 |  3.4
Charms         | 1 2 3 |  3.4
Summonings     | 1 2 3 |  3.4
Necromancy     | 1 2 3 |  3.4
Transmutations | 1 2 3 |  3.4
Fire Magic     | 1 2 3 |  3.4
Ice Magic      | 1 2 3 |  3.4
Air Magic      | 1 2 3 |  3.4
Earth Magic    | 1 2 3 |  3.4
Poison Magic   | 1 2 3 |  3.4
Throwing       | 3 4 5 |  5.0
Armour         | 3 4 5 |  5.0
Fighting       | 5 6 |  6.3
Axes           | 5 6 |  6.3
Dodging        | 5 6 |  6.3
Translocations | 6 |  6.5

Action                   |  1- 3 |  4- 6 |  7- 9 || total
-------------------------+-------+-------+-------++-------
Melee: Hand axe          |    52 |       |       ||    52
       Bite              |    12 |    15 |    24 ||    51
       Whip              |    67 |   153 |   339 ||   559
       Punch             |       |     2 |     6 ||     8
 Cast: Passage of Golubr |       |       |     1 ||     1
Invok: Potion Petition   |       |       |     1 ||     1
Evoke: Wand              |       |       |    20 ||    20
  Use: Potion            |       |     3 |     2 ||     5
       Scroll            |       |       |     9 ||     9
 Stab: Paralysed         |       |       |    12 ||    12
       Sleeping          |       |       |     3 ||     3
       Distracted        |       |       |     2 ||     2
  Eat: Chunk             |       |     1 |       ||     1
       Ration            |       |       |     3 ||     3
Armor: Leather armour    |     9 |       |       ||     9
       Ring mail         |    42 |    44 |   102 ||   188
Dodge: Dodged            |    83 |    83 |   188 ||   354

Table legend:
 A = Spawn XP
 B = Non-spawn XP
 C = Spawn XP percentage of total XP
 D = Spawn monster count
 E = Non-spawn monster count
 F = Spawn count percentage of total count
 G = Total turns spent on level
                    A         B        C        D         E        F      G
               +---------+---------+-------+---------+---------+-------+---------
         Total |       0 |    3413 |   0.0 |       0 |     157 |   0.0 |  3529
               +---------+---------+-------+---------+---------+-------+---------
           D:1 |       0 |      36 |   0.0 |       0 |      18 |   0.0 |   319
           D:2 |       0 |      57 |   0.0 |       0 |      21 |   0.0 |   285
           D:3 |       0 |     237 |   0.0 |       0 |      30 |   0.0 |   564
           D:4 |       0 |     449 |   0.0 |       0 |      18 |   0.0 |   539
           D:5 |       0 |     316 |   0.0 |       0 |      10 |   0.0 |   358
           D:6 |       0 |     323 |   0.0 |       0 |       8 |   0.0 |   417
           D:7 |       0 |     729 |   0.0 |       0 |      23 |   0.0 |   411
           D:8 |       0 |     691 |   0.0 |       0 |      10 |   0.0 |   308
           D:9 |       0 |     575 |   0.0 |       0 |      19 |   0.0 |   328
               +---------+---------+-------+---------+---------+-------+---------
